 Dungeon Crawl Stone Soup version 0.29-a0-284-gf9362112df (webtiles) character file.

Game seed: 6327657458143541650

4 spaghetti the Skirmisher (level 1, 16/18 HPs)
             Began as a Demonspawn Berserker on Mar 20, 2022.
             Was a Follower of Vehumet.
             Quit the game on level 1 of the Dungeon.
             The game lasted 00:00:17 (224 turns).

spaghetti the Skirmisher (Demonspawn Berserker)      Turns: 224, Time: 00:00:18

Health: 16/18      AC:  2    Str: 17    XL:     1   Next: 50%
Magic:  1/1        EV: 12    Int:  8    God:    Vehumet [*.....]
Gold:   31         SH:  0    Dex: 12    Spells: 0/0 levels left

rFire   . . .      SeeInvis .   a - +0 spear {polearm}
rCold   . . .      Faith    .   (no shield)
rNeg    . . .      Spirit   .   b - +0 animal skin
rPois   .          Reflect  .   (no helmet)
rElec   .          Harm     .   (no cloak)
rCorr   .          Rampage  .   (no gloves)
Will    .....                   (no boots)
Stlth   +.........              (no amulet)
HPRegen 0.06/turn               (no ring)
MPRegen 0.07/turn               (no ring)

@: no status effects
A: no striking features
a: Renounce Religion


You were on level 1 of the Dungeon.
You worshipped Vehumet.
Vehumet was aware of your devotion.
You visited 1 branch of the dungeon, and saw 1 of its levels.

You collected 31 gold pieces.


   Skills:
 + Level 3.3 Fighting
 - Level 2.6 Polearms
 - Level 1.7 Armour
 - Level 1.7 Dodging


You couldn't memorise any spells.
You didn't know any spells.
Your spell library was empty.

Inventory:

Hand Weapons
 a - a +0 spear (weapon) {polearm}
Missiles
 c - 49 stones (quivered) {throwing}
Armour
 b - a +0 animal skin (worn)

Dungeon Overview and Level Annotations

Branches:
Dungeon (1/15)

Altars:
Vehumet

.... #....
#.... . ##....
.. ##...#
...####...# ##.
.......B.# ....
# #......@≈#
... ..
...^.....##
..#.
..#####...##...
##...#.#
#########
##....#
##.......##
##...#
##.........##
###.###########
#.....8.....###
#.............#
...8..8..8....#
#..##########.#


You could see a giant cockroach.


Message History

🤖 Initializing magus.rc ...
Options error: Delay interrupt name "hungry" not recognised. (~/.crawlrc:4761) Options error: Bad monster_list_colour key: strict_neutral (~/.crawlrc:4776) ✅ Successfully initialized magus.rc [v1.9.6] Welcome, spaghetti the Demonspawn Berserker.
It is said that the Orb of Zot exists deep within this dungeon.
Trog says: Kill them all!
Press ? for a list of commands and other information.
Found a staircase leading out of the dungeon.
A hobgoblin comes into view.
The hobgoblin shouts!
A hobgoblin is nearby!
A hobgoblin is nearby!
A hobgoblin is nearby!
A hobgoblin is nearby!
The hobgoblin barely misses you.
You hit the hobgoblin.
You kill the hobgoblin!
Trog accepts your kill.
You open the door.
There is an open door here.
Key pressed, stopping explore.
Key pressed, stopping explore.
Key pressed, stopping explore.
Key pressed, stopping explore.
c - 21 stones {throwing} An endoplasm comes into view.
You reach to attack!
The helpless endoplasm fails to defend itself.
You hit the endoplasm. You hit the endoplasm.
You kill the endoplasm!
Trog accepts your kill.
No target in view!
No target in view!
No target in view!
No target in view!
No target in view!
A quokka comes into view.
A quokka is nearby!
A quokka is nearby!
You throw a stone {throwing}.
The stone {throwing} completely misses the quokka.
You throw a stone {throwing}.
The stone {throwing} hits the quokka but does no damage.
You reach to attack!
You barely miss the quokka. The quokka barely misses you.
You hit the quokka but do no damage. The quokka bites you. 😕 HP[-1]
You take 1 damage, and now have 17/18 hp.
You hit the quokka.
You kill the quokka!
Trog accepts your kill.
No target in view!
No target in view!
No target in view!
No target in view!
No target in view!
No target in view!
No target in view!
No target in view!
No target in view!
c - 47 stones {throwing} (gained 28)
You see here a quokka corpse. 😎 HP[+1]
Your hp is fully restored (18).
c - 48 stones {throwing} (gained 1)
c - 49 stones {throwing} (gained 1) Key pressed, stopping explore.
There is an open door here.
You now have 7 gold pieces.
You now have 12 gold pieces (gained 5).
You see here a +0 hunting sling {sling}.
You now have 31 gold pieces (gained 19).
Found a faded altar of an unknown god.
Are you sure you want to abandon this character and quit the game? (Confirm with "yes".)
Okay, then.
A giant cockroach comes into view.
The giant cockroach bites you.
There is a faded altar of an unknown god here. 😕 HP[-1]
You take 1 damage, and now have 17/18 hp.
You cannot tell which god this altar belongs to.
Convert to them anyway?
Really abandon Trog for an unknown god?
Vehumet accepts your prayer!
You have lost your religion!
Trog does not appreciate desertion!
Vehumet welcomes you!
You can now gain magical power from killing.
Vehumet offers you knowledge of Freeze. The giant cockroach bites you. 😕 HP[-1]
You take 1 damage, and now have 16/18 hp.
Are you sure you want to abandon this character and quit the game? (Confirm with "yes".)

Action                   || total
-------------------------++-------
Melee: Spear             ||     6
Throw: Stone             ||     2
 Stab: Sleeping          ||     1
Dodge: Dodged            ||     2

Levels and vault maps discovered:
D:1:      dreamdust_arrival_beginning_and_end, layout_basic,
          hellmonk_ecumenical_altar_crossroads

Notes
Turn   | Place    | Note
-------+----------+-------------------------------------------
     0 | D:1      | spaghetti the Demonspawn Berserker began the quest for the
                  | Orb.
     0 | D:1      | Reached XP level 1. HP: 18/18 MP: 1/1
     0 | D:1      | magus.rc [v1.9.6]
   215 | D:1      | Found a faded altar of an unknown god.
   223 | D:1      | Prayed at the altar of an unknown god.
   223 | D:1      | Fell from the grace of Trog
   223 | D:1      | Became a worshipper of Vehumet
   223 | D:1      | Reached * piety under Vehumet
   223 | D:1      | Offered knowledge of Freeze by Vehumet.
   224 | D:1      | Quit the game

Vanquished Creatures
  An endoplasm (D:1)
  A hobgoblin (D:1)
  A quokka (D:1)
3 creatures vanquished.

Table legend:
 A = Non-vault XP
 B = Vault XP
 C = Vault XP percentage of total XP
 D = Non-vault monster count
 E = Vault monster count
 F = Vault count percentage of total count
                 A         B        C        D         E       F
            +---------+---------+-------+---------+---------+-------
      Total |       6 |       0 |   0.0 |       3 |       0 |   0.0
            +---------+---------+-------+---------+---------+-------
        D:1 |       6 |       0 |   0.0 |       3 |       0 |   0.0
            +---------+---------+-------+---------+---------+-------

Illustrated notes

Table legend:
 A = Kills in this place as a percentage of kills in entire the game.
 B = Kills by you in this place as a percentage of kills by you in the entire game.
 C = Kills by friends in this place as a percentage of kills by friends in the entire game.
 D = Other kills in this place as a percentage of other kills in the entire game.
 E = Experience gained in this place as a percentage of experience gained in the entire game.
 F = Experience gained in this place divided by the number of levels of this place that you have seen.
                   A       B       C       D       E      F
               +-------+-------+-------+-------+-------+----------------------
         Total | 100.0 | 100.0 |   N/A |   N/A | 100.0 |   6.0
       Dungeon | 100.0 | 100.0 |   N/A |   N/A | 100.0 |   6.0
               +-------+-------+-------+-------+-------+----------------------

Table legend: (Time is in decaauts)
 A = Elapsed time spent in this place.
 B = Non-inter-level travel time spent in this place.
 C = Inter-level travel time spent in this place.
 D = Time resting spent in this place.
 E = Time spent auto-exploring this place.
 F = Levels seen in this place.
 G = Mean time per level.
                   A        B        C        D        E       F      G
               +--------+--------+--------+--------+--------+-----+--------+
         Total |    223 |    223 |      0 |      0 |    199 |   1 |  223.0 |
       Dungeon |    223 |    223 |      0 |      0 |    199 |   1 |  223.0 |
               +--------+--------+--------+--------+--------+-----+--------+

Top non-repeatable levels by time:
     D:1: 223 daAuts
